 Dungeon Crawl Stone Soup version 0.16.0-17-g811c1d7 (webtiles) character file.

67 valak23 the Sneak (level 3, -2/27 HPs)
             Began as a Vampire Assassin on Mar 21, 2015.
             Slain by Terence
             ... wielding a +0 mace of holy wrath
              (5 damage)
             ... on level 2 of the Dungeon.
             The game lasted 00:05:47 (1078 turns).

valak23 the Sneak (Vampire Assassin)                Turns: 1078, Time: 00:05:48

Health: -2/27      AC:  7    Str: 10    XL:     3   Next: 98%
Magic:  3/3        EV: 12    Int: 13    God:
Gold:   51         SH:  0    Dex: 16    Spells: 0 memorised, 2 levels left

rFire  . . .     SeeInvis +     a - +3 dagger
rCold  . . .     Clarity  .     c - +0 robe
rNeg   + . .     SustAb   .     (no shield)
rPois  .         Gourm    .     (no helmet)
rElec  .         Spirit   .     d - +0 cloak
rCorr  .         Warding  .     (no gloves)
rMut   .         Stasis   .     (no boots)
MR     .....                    (no amulet)
Stlth  +++++.....               (no ring)
                                h - ring of stealth

@: not resistant to hostile enchantments, quite stealthy
A: bottle blood, fangs 3, slimy green scales 1, thin metallic scales 1, see
invisible, unbreathing, MP-powered wands 1
a: Bat Form


You were on level 2 of the Dungeon.
You were not thirsty.

You visited 1 branch of the dungeon, and saw 2 of its levels.

You collected 51 gold pieces.

Inventory:

Hand weapons
 a - a +3 dagger (weapon)
 b - a +0 blowgun
Missiles
 e - 42 poisoned needles
 f - 2 curare-tipped needles
Armour
 c - a +0 robe (worn)
 d - a +0 cloak (worn)
Jewellery
 h - a ring of stealth (left hand)
Magical devices
 i - a wand of polymorph (16)
Potions
 g - a potion of blood
 j - a potion of curing
Books
 k - a book of Debilitation

   Spells                             Type                      Level
   a - Corona                         Hexes                        1
   b - Slow                           Hexes                        2
   c - Inner Flame                    Hexes/Fire                   3
   d - Enslavement                    Hexes                        4
   e - Cause Fear                     Hexes                        4
   f - Leda's Liquefaction            Hexes/Earth                  4


   Skills:
 + Level 2.0 Fighting
 * Level 2.8 Short Blades
 + Level 1.8 Throwing
 + Level 1.8 Dodging
 + Level 7.3 Stealth


You had 2 spell levels left.
You didn't know any spells.

Dungeon Overview and Level Annotations

Branches:
Dungeon (2/15)

Altars:
Cheibriados
Vehumet

Annotations:
D:2 Terence


Innate Abilities, Weirdness & Mutations

You can bottle blood from corpses.
You have razor-sharp teeth.
You have supernaturally acute eyesight.
You can survive without breathing.
You are partially covered in slimy green scales (AC +2).
You are partially covered in thin metallic scales (AC +2).
You expend magic power (3 MP) to slightly strengthen your wands.


Message History

You barely miss Terence.
Terence is heavily wounded.
Terence barely misses you.
You hit Terence but do no damage.
Terence is heavily wounded.
Terence barely misses you.
You hit Terence but do no damage.
Terence is heavily wounded.
You closely miss Terence. Your bite misses Terence.
Terence is heavily wounded.
Terence misses you.
You hit Terence but do no damage.
Terence is heavily wounded.
Terence hits you but does no damage.
You hit Terence! Your bite misses Terence.
Terence is almost dead.
Terence hits you with a mace of holy wrath!
* * * LOW HITPOINT WARNING * * *
You convulse.
You die...

#†# #.# #.#
###.###########.#
..........#.....#
###.#####.#.#####
# #(# #.#.# ###
###.# #.#.# #..
##..# #.#.# #.#
##.## #(#.# #@#
##.#
#.#.####@##.####
##.#
#.#..............
##.#
#.######.#######
##.######.# #.#
..........# #.#
##...###### #.#
###.# #.# #.# ..#
#.# .##


You could see Terence.

Vanquished Creatures
  Jessica (D:2)
  2 adders (D:2)
  A giant gecko (D:1)
  An ooze (D:1)
  2 bats (D:1)
  A giant cockroach (D:1)
  2 hobgoblins
  10 kobolds
  A giant newt (D:1)
  7 goblins
  3 rats (D:2)
31 creatures vanquished.

Notes
Turn   | Place    | Note
--------------------------------------------------------------
     0 | D:1      | valak23, the Vampire Assassin, began the quest for the Orb.
     0 | D:1      | Reached XP level 1. HP: 16/16 MP: 1/1
     0 | D:1      | Noticed a draconian skeleton
     0 | D:1      | Noticed a formicid zombie
     2 | D:1      | Noticed a troll skeleton
     4 | D:1      | Noticed a formicid
     5 | D:1      | Noticed a draconian zombie
     6 | D:1      | Noticed a minotaur skeleton
     8 | D:1      | Noticed a centaur zombie
    14 | D:1      | Noticed a draconian zombie
    16 | D:1      | Noticed a troll skeleton
    18 | D:1      | Noticed a draconian skeleton
    18 | D:1      | Noticed a vine stalker zombie
    20 | D:1      | Noticed a vampire
    22 | D:1      | Noticed a draconian skeleton
    47 | D:1      | Reached skill level 6 in Stealth
   163 | D:1      | Reached XP level 2. HP: 20/22 MP: 2/2
   640 | D:2      | Noticed Jessica
   647 | D:2      | Killed Jessica
   647 | D:2      | Reached skill level 7 in Stealth
   647 | D:2      | Reached XP level 3. HP: 27/27 MP: 3/3
   725 | D:2      | Gained mutation: You are partially covered in slimy green scales (AC +2). [potion of mutation]
   725 | D:2      | Gained mutation: You expend magic power (3 MP) to slightly strengthen your wands. [potion of mutation]
   725 | D:2      | Gained mutation: You are partially covered in thin metallic scales (AC +2). [potion of mutation]
   883 | D:2      | Found a snail-covered altar of Cheibriados.
   883 | D:2      | Found a radiant altar of Vehumet.
  1062 | D:2      | Noticed Terence
  1078 | D:2      | Slain by Terence

Action                   || total
-------------------------++-------
Melee: Dagger            ||   105
  Use: Scroll            ||     3
       Potion            ||     1
 Stab: Sleeping          ||     6
  Eat: Corpse            ||     3
